 Dungeon Crawl Stone Soup version 0.29.1-2-gbd0b4ee654 (webtiles) character file.

Game seed: 8995796302364614964

27 GorkyZ the Twirler (level 3, 0/28 HPs)
             Began as a Formicid Gladiator on Nov 21, 2022.
             Slain by a goblin
             ... wielding a +0 club
             ... led by Robin
              (3 damage)
             ... on level 1 of the Dungeon.
             The game lasted 00:03:02 (1196 turns).

GorkyZ the Twirler (Formicid Gladiator)             Turns: 1196, Time: 00:03:03

Health: 0/28       AC:  3    Str: 20    XL:     3   Next: 25%
Magic:  3/3        EV: 12    Int:  7    God:
Gold:   39         SH:  0    Dex: 15    Spells: 2/2 levels left

rFire   . . .      SeeInvis +   j - +0 lajatang
rCold   . . .      Faith    .   (no shield)
rNeg    . . .      Spirit   .   b - +0 leather armour
rPois   .          Reflect  .   (helmet unavailable)
rElec   .          Harm     .   (no cloak)
rCorr   .          Rampage  .   (no gloves)
Will    .....                   (no boots)
Stlth   +.........              (no amulet)
HPRegen 0.09/turn               (no ring)
MPRegen 0.08/turn               (no ring)

@: no status effects
A: permanent stasis, dig shafts and tunnels, antennae 3, four strong arms
a: Dig, Shaft Self


You were on level 1 of the Dungeon.
You visited 1 branch of the dungeon, and saw 2 of its levels.

You collected 39 gold pieces.

Inventory:

Hand Weapons
 a - a +0 quarterstaff
 j - a +0 lajatang (weapon)
 m - a +0 short sword
Missiles
 c - 3 throwing nets (quivered)
 d - a javelin
Armour
 b - a +0 leather armour (worn)
Scrolls
 f - a scroll of enchant weapon {unknown}
 h - a scroll of magic mapping {unknown}
 k - 2 scrolls of identify {unknown}
 l - a scroll of butterflies {unknown}
Potions
 e - 3 potions of magic {unknown}
 g - a potion of attraction {unknown}
 i - a potion of curing {unknown}


   Skills:
 + Level 2.5 Fighting
 - Level 3.2 Staves
 + Level 2.2 Throwing
 + Level 0.7 Armour
 + Level 2.8 Dodging
 + Level 1.1 Shields
 + Level 0.5 Evocations


You had 2 spell levels left.
You didn't know any spells.
Your spell library contained the following spells:

 Spells                   Type           Power      Damage    Failure   Level
 Inner Flame              Hex/Fire       0%         N/A       86%         3
 Cause Fear               Hex            0%         N/A       99%         4
 Discord                  Hex            0%         N/A       100%        8


Dungeon Overview and Level Annotations

Branches:
Dungeon (2/15)

Altars:

Shops:
D:1 :

Annotations:
D:2 Robin


Innate Abilities, Weirdness & Mutations

You cannot be hasted, slowed, berserked, paralysed or teleported.
You can dig through walls and to a lower floor.
You have a pair of large antennae on your head. (SInv)
Your four strong arms can wield two-handed weapons with a shield.


Message History

The goblin hits you with a +0 dagger.
A goblin comes into view. It is wielding a +0 dagger.
You completely miss the goblin. The goblin misses you.
The goblin hits you but does no damage. The goblin hits you with a +0 club.
The goblin misses you. The goblin barely misses you.
Robin throws the goblin at you!
You closely miss the goblin.
The hobgoblin shouts!
The goblin hits you with a +0 club. The goblin closely misses you.
The goblin misses you.
You miss the goblin. Robin throws the goblin at you!
The goblin hits you with a +0 club. x2; The goblin hits you but does no damage.
The goblin misses you. The goblin hits you with a +0 dagger.
You are too injured to fight recklessly!
You are too injured to fight recklessly!
You are too injured to fight recklessly!
You are too injured to fight recklessly!
The goblin attacks as you move away! The goblin hits you but does no damage.
The goblin closely misses you. The goblin attacks as you move away!
The goblin hits you but does no damage. The goblin barely misses you.
There is a stone staircase leading up here.
Robin roars a battlecry!
The goblins go into a battle-frenzy!
The goblin hits you but does no damage. The goblin hits you with a +0 dagger.
* * * LOW HITPOINT WARNING * * *
The goblin hits you but does no damage.
You climb upwards.
There is a stone staircase leading down here.
You are too injured to fight recklessly!
You are too injured to fight recklessly!
You hit the goblin.
The goblin is moderately wounded.
The goblin closely misses you. The goblin hits you with a +0 dagger.
* * * LOW HITPOINT WARNING * * *
You miss the goblin.
The goblin is moderately wounded.
The goblin closely misses you. The goblin completely misses you.
The goblin hits you with a +0 club.
You die...

#.......# #.#####.###### #.#
#......# #.# #..#.#.##### #.#
#..........# ### #.#
##.#.#.#.#.# ..########.#
#.......#.#
..##....##.#########...##.#####
...............g@# ######.#...#
..##....##.#####g# #.#.#.#
#.####.....# #g# ######.#.#.#
#.# #.....# #.# #......#.#.#
#.####.....#####.###......#.#.#
....รท..............'......#.#.#
#.####.....#####.###.....##.#.#
#..).#.....# #.# #.....##.#.#
#..#.#.....#####.###.....##.#.#


You could see 3 goblins.

Vanquished Creatures
  2 bats (D:1)
  An endoplasm (D:1)
  4 goblins (D:1)
  5 hobgoblins (D:1)
  3 kobolds (D:1)
  3 ball pythons
  A frilled lizard (D:1)
  5 rats (D:1)
24 creatures vanquished.

Notes
Turn   | Place    | Note
-------+----------+-------------------------------------------
     0 | D:1      | GorkyZ the Formicid Gladiator began the quest for the Orb.
     0 | D:1      | Reached XP level 1. HP: 16/16 MP: 1/1
    68 | D:1      | Found Toimaun's Book Emporium.
   279 | D:1      | Reached XP level 2. HP: 22/22 MP: 2/2
   761 | D:1      | Reached skill level 1 in Shields
   765 | D:1      | Reached XP level 3. HP: 28/28 MP: 3/3
  1186 | D:2      | Noticed Robin
  1196 | D:1      | Slain by a goblin

Illustrated notes

Levels and vault maps discovered:
D:1:      mainiacjoe_arrival_reflecting_pool, layout_basic, serial_glass,
          glass_columns_a, glass_columns_a, glass_columns_a, glass_columns_b,
          glass_columns_b, glass_columns_c, serial_shops, shop_fountains
D:2:      layout_rooms, serial_shops, nicolae_diamond_shop, uniq_terence,
          uniq_sigmund, uniq_robin

Skill      XL: |  1  2 |
---------------+-------+-----
Shields        | 1 |  1.1
Fighting       | |  2.5
Staves         | |  3.2
Throwing       | |  2.2
Armour         | |  0.7
Dodging        | |  2.8
Evocations     | |  0.5

Action                   || total
-------------------------++-------
Melee: Quarterstaff      ||    38
       Lajatang          ||    19
Armor: Leather armour    ||    23
Dodge: Dodged            ||    46
